 Dungeon Sprint DCSS version 0.24-a0-778-g74da537585 (webtiles) character file.

Game seed: 17847243233469806186, levelgen mode: deterministic

58 Conn the Firebug (level 3, -5/19 HPs)
             Began as a Deep Elf Fire Elementalist on Oct 6, 2019.
             Splashed by an oklob sapling priest's acid (11 damage)
             ... in the Dungeon (Sprint IV: "Fedhas' Mad Dash").
             The game lasted 00:01:35 (327 turns).

Conn the Firebug (Deep Elf Fire Elementalist)        Turns: 327, Time: 00:01:36

Health: -5/19      AC: -1    Str:  5    XL:     3   Next: 76%
Magic:  11/11      EV: 14    Int: 20    God:
Gold:   44         SH:  0    Dex: 15    Spells: 5/12 levels left

rFire    . . .     SeeInvis .   (no weapon)
rCold    . . .     Gourm    .   (no shield)
rNeg     . . .     Faith    .   a - +0 robe
rPois    .         Spirit   .   (no helmet)
rElec    .         Reflect  .   (no cloak)
rCorr    .         Harm     .   (no gloves)
MR       .....     NoTele   +   d - +0 pair of boots
Stlth    +++.......             b - amulet of invisibility {+Inv}
HPRegen  0.06/turn              (no ring)
MPRegen  0.12/turn              (no ring)

@: corroded
A: no striking features
a: Evoke Invisibility


You were in the Dungeon.
You were not hungry.

You visited 1 branch You collected 44 gold pieces.

Inventory:

Armour
 a - a +0 robe (worn)
 d - a +0 pair of boots (worn)
Jewellery
 b - the amulet of invisibility (around neck) {+Inv}
   (You found it in the Dungeon)

   [amulet of nothing]

   It lets you turn invisible.
Scrolls
 i - a scroll of blinking
Potions
 e - a potion of heal wounds
 f - a potion of haste
 g - 2 potions of magic
 h - a potion of berserk rage
Comestibles
 c - 2 rations


   Skills:
 + Level 3.7 Dodging
 + Level 3.8 Stealth
 + Level 5.2 Spellcasting
 + Level 2.1 Conjurations
 + Level 6.8 Fire Magic


You had 5 spell levels left.
You knew the following spells:

 Your Spells              Type           Power        Failure   Level  Hunger
a - Flame Tongue          Conj/Fire      ###..        1%          1    None
b - Conjure Flame         Conj/Fire      ###.....     5%          3    ##.....
c - Inner Flame           Hex/Fire       ###.....     9%          3    ##.....

Your spell library contained the following spells:

 Spells                   Type           Power        Failure   Level  Hunger
 Throw Flame              Conj/Fire      ###...       2%          2    None
 Sticky Flame             Conj/Fire      ###.....     19%         4    ####...
 Fireball                 Conj/Fire      ###.......   45%         5    #####..


Dungeon Overview and Level Annotations

Branches:
Dungeon (1/1)

Altars:
Cheibriados
Dithmenos
Gozag
Hepliaklqana
Kikubaaqudgha
Makhleb
Nemelex Xobeh
Okawaru
Ru
Sif Muna
Trog
Uskayaw
Wu Jian
Xom
Yredelemnul
Zin
Beogh
Jiyva

Annotations:
D exclusion: oklob sapling


Message History

Unknown command.
You open the door.
Found ten altars.
Sorry, you're not good enough to have a special ability.
Sorry, you're not good enough to have a special ability.
Put on which piece of jewellery? (? for menu, Esc to quit)
b - the amulet of invisibility (around neck) {+Inv} You fail to use your ability.
An oklob sapling priest comes into view.
Marking area around an oklob sapling as unsafe for travelling.
Found three altars.
There is an open door here.
The oklob sapling priest miscasts a cantrip.
Found three altars.
The oklob sapling priest spits acid at you.
The splash of acid hits you!
Ouch! That really hurt!
The acid corrodes you!
You are splashed with acid!
Ouch! That really hurt!
You die...

########################
.P#.....#.....#.⌠._._._.
..'.....'.#...'.._._._._
PP#.....#.#...#.@._._P_.
############+##.._._._._
#._._._._. ##########


You could see an oklob sapling priest.

Vanquished Creatures
  An oklob sapling (D)
  A worker ant (D)
  A river rat (D)
  A rat (D)
4 creatures vanquished.

Notes
Turn   | Place    | Note
-------+----------+-------------------------------------------
     0 | D        | Conn the Deep Elf Fire Elementalist began the quest for the
                  | Orb.
     0 | D        | Reached XP level 1. HP: 10/10 MP: 6/6
    12 | D        | Reached skill level 4 in Fire Magic
    12 | D        | Reached XP level 2. HP: 14/15 MP: 1/8
    73 | D        | Noticed an oklob sapling
    77 | D        | Found the amulet of invisibility {+Inv}
    82 | D        | Reached skill level 6 in Fire Magic
    82 | D        | Reached XP level 3. HP: 7/19 MP: 3/11
   308 | D        | Learned a level 3 spell: Conjure Flame
   312 | D        | Learned a level 3 spell: Inner Flame
   313 | D        | Killed an oklob sapling
   313 | D        | Reached skill level 5 in Spellcasting
   322 | D        | Found an opulent altar of Gozag.
   322 | D        | Found a hazy altar of Hepliaklqana.
   322 | D        | Found a burning altar of Makhleb.
   322 | D        | Found a roughly hewn altar of Beogh.
   322 | D        | Found a sparkling altar of Nemelex Xobeh.
   322 | D        | Found a snail-covered altar of Cheibriados.
   322 | D        | Found a sacrificial altar of Ru.
   322 | D        | Found a shimmering blue altar of Sif Muna.
   322 | D        | Found a shimmering altar of Xom.
   322 | D        | Found a basalt altar of Yredelemnul.
   325 | D        | Found a viscous altar of Jiyva.
   325 | D        | Found a bloodstained altar of Trog.
   325 | D        | Found an ornate altar of the Wu Jian Council.
   325 | D        | Noticed an oklob sapling priest
   326 | D        | Found an iron altar of Okawaru.
   326 | D        | Found a glowing silver altar of Zin.
   326 | D        | Found a shadowy altar of Dithmenos.
   327 | D        | Found a hide-covered altar of Uskayaw.
   327 | D        | Found an ancient bone altar of Kikubaaqudgha.
   327 | D        | Splashed by an oklob sapling priest's acid

Levels and vault maps discovered:
D:        dungeon_sprint_fedhas [sprint_temple]

Skill      XL: |  1  2  3 |
---------------+----------+-----
Fire Magic     | 4 6 |  6.8
Dodging        | 3 |  3.7
Stealth        | 3 |  3.8
Spellcasting   | 4 5 |  5.2
Conjurations   | 2 |  2.1

Action                   || total
-------------------------++-------
 Cast: Flame Tongue      ||    11
  Use: Potion            ||     1
Dodge: Dodged            ||     2

Table legend:
 A = Non-vault XP
 B = Vault XP
 C = Vault XP percentage of total XP
 D = Non-vault monster count
 E = Vault monster count
 F = Vault count percentage of total count
                 A         B        C        D         E       F
            +---------+---------+-------+---------+---------+-------
      Total |       0 |      84 | 100.0 |       0 |       4 | 100.0
            +---------+---------+-------+---------+---------+-------
          D |       0 |      84 | 100.0 |       0 |       4 | 100.0
            +---------+---------+-------+---------+---------+-------
